 Dungeon Crawl Stone Soup version 0.31-a0-102-g33a4ccc0cb (webtiles) character file.

Game seed: 18136502381238990444

23 ytrimaz the Insei (level 3, 17/23 HPs)
             Began as an Octopode Transmuter on May 26, 2023.
             Quit the game on level 1 of the Dungeon.
             The game lasted 00:01:04 (565 turns).

ytrimaz the Insei (Octopode Transmuter)              Turns: 565, Time: 00:01:05

Health: 17/23      AC:  1    Str:  9    XL:     3   Next: 0%
Magic:  6/6        EV: 13    Int: 17    God:
Gold:   64         SH:  0    Dex: 12    Spells: 4/7 levels left

rFire   . .          .
                       - Unarmed
rCold   . . .        (no shield)
rNeg    . . .        (helmet restricted)
rPois   .            (no amulet)
rElec   .            d - ring of resist corrosion
rCorr   +            (no ring)
SInv    .            (no ring)
Will    .....        (no ring)
Stlth   ++           (no ring)
HPRegen 0.23/turn    (no ring)
MPRegen 0.10/turn    (no ring)
                     (no ring)

%: no passive effects
@: no status effects
A: almost no armour, amphibious, 8 rings, camouflage 1, gelatinous body 1,
(nimble swimmer 1), tentacles
a: no special abilities


You were on level 1 of the Dungeon.
You visited 1 branch of the dungeon, and saw 1 of its levels.

You collected 64 gold pieces.


Innate Abilities, Weirdness & Mutations

You cannot wear most types of armour.
You are amphibious.
You can wear up to eight rings at the same time.
Your skin changes colour to match your surroundings (Stealth+).
Your rubbery body absorbs attacks. (AC +1, EV +1)
((You are camouflaged when in or above water. (Stealth+)))
You have tentacles for arms and can constrict up to eight enemies at once.


   Skills:
 - Level 1.0 Fighting
 - Level 2.0 Dodging
 - Level 3.1 Unarmed Combat
 + Level 2.5 Spellcasting
 + Level 2.6 Transmutations


You had 4 spell levels left.
You knew the following spells:

 Your Spells              Type           Power      Damage    Failure   Level
a - Beastly Appendage     Tmut           22%        N/A       6%          1
b - Wereblood             Tmut           11%        N/A       10%         2

Your spell library contained the following spells:

 Spells                   Type           Power      Damage    Failure   Level
 Spider Form              Tmut/Pois      5%         N/A       36%         3
 Ice Form                 Ice/Tmut       5%         N/A       77%         4

Inventory:

Jewellery
 d - a ring of resist corrosion (left tentacle)
   (You found it on level 1 of the Dungeon)
Potions
 a - 2 potions of lignification
 b - a potion of curing {unknown}
 c - a potion of enlightenment {unknown}

Dungeon Overview and Level Annotations

Branches:
Dungeon (1/15) Zot: 5438

Altars:

####.######.# #..###
#.........#.# #...
#.......†.#.#
#..####
#.........#.# #.....
#.........#.# #...#
#
########'##.####...#
...
#...........#...#
#...............#
########.@.>#.#
#....# #######
###.## ## #....# ##.
####### ##.#.# ####
#.. ......# #...#
#..####.. ......###
##)## ##...##..#
........####
###.###..#..#..#


There were no monsters in sight!


Message History

MASSIVE DAMAGE!! (PAUSE)
You tentacle-slap the goblin but do no damage.
You grab the goblin. You constrict the goblin.
The goblin completely misses you.
You are too injured to fight recklessly!
You tentacle-slap the goblin.
You kill the goblin! 😮 HP[+1] Unknown command.
You miss the kobold. Your grab misses the kobold.
Your squeeze misses the kobold. The kobold closely misses you.
You are too injured to fight recklessly!
You closely miss the kobold. Your grab misses the kobold.
The kobold misses you.
You are too injured to fight recklessly!
Unknown command.
You tentacle-slap the kobold. Your grab misses the kobold.
Your squeeze misses the kobold. The kobold hits you with a +0 dagger.
* * * LOW HITPOINT WARNING * * *
😨 HP[-3]
You take 3 damage, and now have 7/18 hp.
You are too injured to fight recklessly!
You tentacle-slap the kobold but do no damage.
Your grab misses the kobold. The kobold misses you.
You closely miss the kobold. You grab the kobold. You constrict the kobold.
You kill the kobold! 😨 HP[+1]
You are too injured to fight recklessly!
You tentacle-slap the kobold. Your grab misses the kobold.
Your tentacle-slap misses the kobold.
Your squeeze misses the kobold.
You are too injured to fight recklessly!
You tentacle-slap the kobold but do no damage.
Your grab misses the kobold. You squeeze the kobold.
You kill the kobold!
Unknown command.
You now have 64 gold pieces (gained 10).
Items here: ( ))) †††. 😨 HP[+1]
You are too injured to fight recklessly!
Unknown command.
A frilled lizard comes into view. 😎 HP[+9]
Your hp is fully restored (18).
A frilled lizard is nearby!
A frilled lizard is nearby!
A frilled lizard is nearby!
The frilled lizard hisses angrily.
You tentacle-slap the frilled lizard.
You kill the frilled lizard!
No target in view!
No target in view!
No target in view!
No target in view!
No target in view!
No target in view!
No target in view!
No target in view!
No target in view!
No target in view!
No target in view!
No target in view!
No target in view!
No target in view!
You open the door.
An endoplasm comes into view.
The endoplasm quivers.
There is an open door here.
An endoplasm is nearby!
An endoplasm is nearby!
A giant cockroach comes into view.
A hobgoblin comes into view.
Found a stone staircase leading down.
The endoplasm barely misses you.
You tentacle-slap the endoplasm. You squeeze the endoplasm.
You kill the endoplasm!
The giant cockroach barely misses you.
You tentacle-slap the giant cockroach. Your grab misses the giant cockroach.
You squeeze the giant cockroach.
You kill the giant cockroach!
The hobgoblin shouts!
The hobgoblin hits you. 😮 HP[-5]
You take 5 damage, and now have 13/18 hp.
MASSIVE DAMAGE!! (PAUSE)
A hobgoblin is nearby!
A hobgoblin is nearby!
You are too injured to fight recklessly!
Unknown command.
You barely miss the hobgoblin. Your grab misses the hobgoblin.
You squeeze the hobgoblin.
You kill the hobgoblin!
You have reached level 3!
Your experience leads to an increase in your attributes!
Increase (S)trength, (I)ntelligence, or (D)exterity?
Uppercase letters only, please.
You feel clever. x2 😮 HP[+4] MP[+1]
You now have 23 max hp (+5).
You regained 4 hp, and now have 17/23 hp.
Your mp is fully restored (6).
Are you sure you want to abandon this character and quit the game? (Confirm with "yes".)

Action                     || total
---------------------------++-------
  Melee: Unarmed           ||    42
         Constrict         ||    10
         Tentacles         ||     7
         Punch             ||     2
   Stab: Sleeping          ||     5
 Armour: Skin              ||     3
  Dodge: Dodged            ||    20

Levels and vault maps discovered:
D:1:      dpeg_cavernosity, layout_basic

Notes
Turn   | Place    | Note
-------+----------+-------------------------------------------
     0 | D:1      | ytrimaz the Octopode Transmuter began the quest for the
                  | Orb.
     0 | D:1      | Reached XP level 1. HP: 13/13 MP: 3/3
     0 | D:1      | magus.rc [v1.9.6]
   153 | D:1      | Reached XP level 2. HP: 17/18 MP: 5/5
   156 | D:1      | Learned a level 2 spell: Wereblood
   565 | D:1      | Reached XP level 3. HP: 17/23 MP: 6/6
   565 | D:1      | Quit the game

Vanquished Creatures
  A dart slug (D:1)
  3 bats (D:1)
  An endoplasm (D:1)
  A giant cockroach (D:1)
  3 goblins (D:1)
  A hobgoblin (D:1)
  A ball python (D:1)
  3 frilled lizards (D:1)
  4 kobolds (D:1)
  3 rats (D:1)
21 creatures vanquished.

Table legend:
 A = Non-vault XP
 B = Vault XP
 C = Vault XP percentage of total XP
 D = Non-vault monster count
 E = Vault monster count
 F = Vault count percentage of total count
                 A         B        C        D         E       F
            +---------+---------+-------+---------+---------+-------
      Total |      28 |       6 |  17.6 |      17 |       4 |  19.0
            +---------+---------+-------+---------+---------+-------
        D:1 |      28 |       6 |  17.6 |      17 |       4 |  19.0
            +---------+---------+-------+---------+---------+-------

Action                     || total
---------------------------++-------
  Melee: Unarmed           ||    42
         Constrict         ||    10
         Tentacles         ||     7
         Punch             ||     2
   Stab: Sleeping          ||     5
 Armour: Skin              ||     3
  Dodge: Dodged            ||    20

Illustrated notes

Table legend:
 A = Kills in this place as a percentage of kills in the entire game.
 B = Kills by you in this place as a percentage of kills by you in the entire game.
 C = Kills by friends in this place as a percentage of kills by friends in the entire game.
 D = Other kills in this place as a percentage of other kills in the entire game.
 E = Experience gained in this place as a percentage of experience gained in the entire game.
 F = Experience gained in this place divided by the number of levels of this place that you have seen.
                   A       B       C       D       E      F
               +-------+-------+-------+-------+-------+----------------------
         Total | 100.0 | 100.0 |   N/A |   N/A | 100.0 |  34.0
       Dungeon | 100.0 | 100.0 |   N/A |   N/A | 100.0 |  34.0
               +-------+-------+-------+-------+-------+----------------------

Table legend: (Time is in decaauts)
 A = Elapsed time spent in this place.
 B = Non-inter-level travel time spent in this place.
 C = Inter-level travel time spent in this place.
 D = Time resting spent in this place.
 E = Time spent auto-exploring this place.
 F = Levels seen in this place.
 G = Mean time per level.
                   A        B        C        D        E       F      G
               +--------+--------+--------+--------+--------+-----+--------+
         Total |    561 |    561 |      0 |      0 |    437 |   1 |  561.0 |
       Dungeon |    561 |    561 |      0 |      0 |    437 |   1 |  561.0 |
               +--------+--------+--------+--------+--------+-----+--------+

Top non-repeatable levels by time:
     D:1: 561 daAuts
